 Dungeon Crawl Stone Soup version 0.25-a0-576-g50b708a4c4 (webtiles) character file.

Game seed: 14762279605876865078, levelgen mode: deterministic

1376 Flugslaktarn the Chopper (level 8, -3/73 HPs)
             Began as a Deep Dwarf Fighter on Mar 1, 2020.
             Was a Follower of Makhleb.
             Slain by a red ugly thing (16 damage)
             ... on level 7 of the Dungeon.
             The game lasted 00:02:37 (3109 turns).

Flugslaktarn the Chopper (Deep Dwarf Fighter)       Turns: 3109, Time: 00:02:37

Health: -3/73      AC: 12    Str: 21    XL:     8   Next: 39%
Magic:  7/7        EV:  4    Int: 10    God:    Makhleb [*.....]
Gold:   110        SH: 10    Dex: 12    Spells: 7/7 levels left

rFire    . . .     SeeInvis .   a - +1 war axe
rCold    + + .     Gourm    .   g - +0 kite shield
rNeg     . . .     Faith    .   f - +0 plate armour
rPois    .         Spirit   .   (no helmet)
rElec    .         Reflect  .   (no cloak)
rCorr    .         Harm     .   (no gloves)
MR       +....                  (no boots)
Stlth    ..........             (no amulet)
HPRegen  0.00/turn              c - ring of protection from cold
MPRegen  0.10/turn              k - ring of protection from cold

@: non-regenerating, drained
A: damage resistance, heal wounds, sense surroundings 1, no regeneration
a: Heal Wounds, Renounce Religion


You were on level 7 of the Dungeon.
You worshipped Makhleb.
Makhleb was aware of your devotion.
You were very hungry.

You visited 2 branches of the dungeon, and saw 8 of its levels.

You collected 248 gold pieces.
You spent 138 gold pieces at shops.

Inventory:

Hand Weapons
 a - a +1 war axe (weapon)
 p - a +2 hand axe of pain
   (You took it off an orc on level 4 of the Dungeon)
Missiles
 s - a throwing net (quivered)
Armour
 b - a +0 scale mail
 f - a +0 plate armour (worn)
   (You took it off an orc warrior on level 6 of the Dungeon)
 g - a +0 kite shield (worn)
Jewellery
 c - a ring of protection from cold (left hand)
   (You found it on level 5 of the Dungeon)
 k - a ring of protection from cold (right hand)
   (You found it on level 3 of the Dungeon)
 B - a +2 ring of protection {unknown}
   (You found it on level 7 of the Dungeon)
Wands
 v - a wand of digging (5)
   (You took it off Natasha on level 4 of the Dungeon)
Scrolls
 j - a scroll of vulnerability
 n - 2 scrolls of magic mapping
 o - a scroll of summoning
 r - 3 scrolls of identify
 t - 3 scrolls of teleportation
 w - a scroll of remove curse
 y - a scroll of enchant weapon
 z - 2 scrolls of immolation
Potions
 d - 3 potions of might
 h - 2 potions of lignification
 i - a potion of heal wounds {unknown}
 l - 3 potions of haste
 m - a potion of berserk rage
 q - 2 potions of curing
 u - 3 potions of cancellation
 x - 3 potions of invisibility
 A - 2 potions of flight
 C - a potion of magic {unknown}
Comestibles
 e - 6 rations


   Skills:
 + Level 4.6(3.5) Fighting
 * Level 7.0(5.8) Axes
 + Level 5.6(4.5) Armour
 + Level 5.7(4.5) Shields
 + Level 4.9(3.8) Invocations


You had 7 spell levels left.
You didn't know any spells.
Your spell library was empty.

Dungeon Overview and Level Annotations

Branches:
Dungeon (7/15)             Temple (1/1) D:4

Altars:
Ashenzari
Cheibriados
Dithmenos
Elyvilon
Fedhas
Gozag
Hepliaklqana
Kikubaaqudgha
Makhleb
Qazlal
Ru
Sif Muna
Trog
Uskayaw
Xom
Yredelemnul
Zin
The Shining One

Shops:
D:5 *   D:7 !

Annotations:
D:6 Prince Ribbit


Innate Abilities, Weirdness & Mutations

You are resistant to damage.
You can heal yourself by infusing magical energy.
You passively map a small area around you.
You do not regenerate.


Message History

You block the ball python's attack. The ball python constricts you.
You block the red ugly thing's attack.
The ball python bites you but does no damage.
The ball python constricts you.
You are too injured to fight recklessly!
You are too injured to fight recklessly!
You are too injured to fight recklessly!
You are too injured to fight recklessly!
You are too injured to fight recklessly!
You are too injured to fight recklessly!
You are too injured to fight recklessly!
You are too injured to fight recklessly!
You are too injured to fight recklessly!
You are too injured to fight recklessly!
You are too injured to fight recklessly!
You escape the ball python's grasp.
You fail to use your ability.
The red ugly thing gores you.
* * * LOW HITPOINT WARNING * * *
You are engulfed in flames!!
You die...

*,....###.#*,* ,, *
#.#...###. *.###..#..#
* , ###......### *
##....## ,*
,,#>.......... *,*
##.....# * ,
##.#.....### ,
##....#####
###+#########.##
*#.....##...##.....#*
,, ###
*,*##....#.....#.....#
, ,
##...#....Su..8..+, ,
### *
##..#.....#@....# ...
##.##...##.....# ### *
######.#######.....#
** * ##
............>.......#
..
#######.###.#######.#
* * ## ...# #.# .# *
#.### #.# * # #. #.# *
# #.# * * *


You could see a red ugly thing and a ball python.

Vanquished Creatures
  Edmund (D:6)
  An orc warrior (D:6)
  An ice beast (D:6)
  An ogre (D:7)
  A centaur (D:5)
  A bullfrog (D:6)
  A wyvern skeleton (D:6)
  A scorpion (D:6)
  A howler monkey (D:4)
  5 hounds
  2 orc priests
  4 orc wizards
  3 centaur skeletons
  A bullfrog skeleton (D:4)
  Natasha (thrice) (D:4)
  2 worker ants (D:4)
  A worker ant zombie (D:4)
  7 adders
  A shadow imp (D:6)
  An adder skeleton (D:4)
  A worm (D:4)
  2 leopard geckos
  14 orcs
  A giant cockroach (D:3)
  4 goblins (D:1)
  A hobgoblin (D:1)
  9 jackals
  2 kobolds (D:2)
  4 quokkas
  2 bats (D:1)
  A frilled lizard (D:1)
  A leopard gecko skeleton (D:5)
  2 quokka skeletons
83 creatures vanquished.

Notes
Turn   | Place    | Note
-------+----------+-------------------------------------------
     0 | D:1      | Flugslaktarn the Deep Dwarf Fighter began the quest for the
                  | Orb.
     0 | D:1      | Reached XP level 1. HP: 20/20 MP: 1/1
    27 | D:1      | Reached XP level 2. HP: 22/27 MP: 2/2
   196 | D:3      | Reached skill level 3 in Axes
   196 | D:3      | Reached XP level 3. HP: 28/33 MP: 3/3
   223 | D:4      | Found a staircase to the Ecumenical Temple.
   265 | Temple   | Entered the Ecumenical Temple
   317 | Temple   | Became a worshipper of Makhleb the Destroyer
   377 | D:4      | Reached XP level 4. HP: 33/42 MP: 4/4
   445 | D:4      | Reached skill level 1 in Invocations
   500 | D:4      | Reached XP level 5. HP: 35/49 MP: 6/6
   514 | D:4      | Reached skill level 4 in Axes
   832 | D:4      | Found a hazy altar of Hepliaklqana.
   898 | D:4      | Found a sacrificial altar of Ru.
   925 | D:4      | Noticed Natasha
   935 | D:4      | Killed Natasha
   935 | D:4      | Reached XP level 6. HP: 23/56 MP: 6/6
  1128 | D:4      | Noticed Natasha
  1137 | D:4      | Killed Natasha
  1142 | D:4      | Noticed Natasha
  1156 | D:4      | Killed Natasha
  1289 | D:5      | Entered Level 5 of the Dungeon
  1328 | D:5      | Reached * piety under Makhleb
  1351 | D:5      | Found an opulent altar of Gozag.
  1388 | D:5      | Reached skill level 5 in Axes
  1432 | D:5      | Found a shadowy altar of Dithmenos.
  1493 | D:5      | Reached XP level 7. HP: 35/63 MP: 7/7
  1729 | D:5      | Found Qokalirch's Assorted Antiques.
  1737 | D:5      | Bought a scroll labeled CIZIAHOPHO for 24 gold pieces
  1737 | D:5      | Bought a scroll labeled MARCHA GE LY JANUC for 24 gold
                  | pieces
  1737 | D:5      | Bought 2 scrolls labeled DIESKOM XILYT for 48 gold pieces
  1737 | D:5      | Bought a sapphire potion for 21 gold pieces
  1737 | D:5      | Bought an amethyst potion for 21 gold pieces
  1919 | D:6      | Reached skill level 5 in Armour
  1919 | D:6      | Reached skill level 5 in Shields
  2034 | D:6      | Reached skill level 6 in Axes
  2187 | D:6      | Reached XP level 8. HP: 54/73 MP: 8/8
  2299 | D:6      | Noticed Prince Ribbit
  2366 | D:6      | Noticed Edmund
  2382 | D:6      | Killed Edmund
  2561 | D:6      | Found a stormy altar of Qazlal.
  2971 | D:7      | Identified the Compendium of Entrancing Enhancements
  3034 | D:7      | Reached skill level 7 in Axes
  3041 | D:7      | Found Qoty's Distillery.
  3103 | D:7      | Noticed a red ugly thing
  3109 | D:7      | Slain by a red ugly thing

Levels and vault maps discovered:
D:1:      minmay_arrival_solitary_statue, layout_loops_ring
D:2:      layout_basic, chequers_temple_overflow_statue_of_worship,
          uniq_crazy_yiuf_cottage, uniq_jessica
D:3:      layout_rooms, vehumet_crystals, gup_sewer_entry_pipe
D:4:      layout_basic, nicolae_overflow_crystal_walls,
          minmay_temple_entry_glass, serial_bayou, serial_bayou_pond_a,
          serial_bayou_pond_b, serial_bayou_ford_a, serial_bayou_crossing,
          serial_bayou_lagoon_a, nicolae_ru_awakened_eye, uniq_natasha
D:5:      layout_rooms, nicolae_dithmenos_shadow_blocks, old_standard_altar,
          serial_shops, nicolae_shop_waterfront, first_ration
D:6:      layout_basic, nicolae_qazlal_eye_of_the_storm, st_stairs_4,
          grunt_ministairs_11, uniq_prince_ribbit1, uniq_edmund
D:7:      layout_loops_ring, serial_shops, nicolae_shop_statue_plus,
          minmay_three_doors
Temple:   cyrus_circular_temple

Skill      XL: |  1  2  3  4  5  6  7  8 |
---------------+-------------------------+-----
Axes           | 3 4 5 6 7 |  7.0
Fighting       | 3 4 |  4.6
Invocations    | 1 2 3 4 |  4.9
Armour         | 4 5 |  5.6
Shields        | 4 5 |  5.7

Action                   |  1- 3 |  4- 6 |  7- 9 || total
-------------------------+-------+-------+-------++-------
Melee: War axe           |    91 |    74 |   156 ||   321
       Hand axe          |       |   120 |    10 ||   130
 Abil: Heal Wounds       |       |     6 |    10 ||    16
  Use: Scroll            |       |       |    16 ||    16
  Eat: Chunk             |       |     3 |     4 ||     7
Armor: Scale mail        |    38 |    77 |    16 ||   131
       Plate armour      |       |       |    73 ||    73
Dodge: Dodged            |    28 |    62 |    29 ||   119
Block: Kite shield       |    45 |   100 |    98 ||   243

Table legend:
 A = Non-vault XP
 B = Vault XP
 C = Vault XP percentage of total XP
 D = Non-vault monster count
 E = Vault monster count
 F = Vault count percentage of total count
                 A         B        C        D         E       F
            +---------+---------+-------+---------+---------+-------
      Total |    1600 |     366 |  18.6 |      71 |      12 |  14.5
            +---------+---------+-------+---------+---------+-------
        D:1 |      20 |       0 |   0.0 |      11 |       0 |   0.0
        D:2 |       3 |       0 |   0.0 |       2 |       0 |   0.0
        D:3 |      18 |       0 |   0.0 |       3 |       0 |   0.0
        D:4 |     338 |      82 |  19.5 |      25 |       3 |  10.7
        D:5 |     364 |       0 |   0.0 |      12 |       0 |   0.0
        D:6 |     649 |     284 |  30.4 |      13 |       9 |  40.9
        D:7 |     208 |       0 |   0.0 |       5 |       0 |   0.0
            +---------+---------+-------+---------+---------+-------
